 Dungeon Crawl Stone Soup version 0.31-a0-1009-g454b1f1e0a (webtiles) character file.

Game seed: 14407092498443608592

111 ChronoRanger the Chopper (level 4, -4/41 HPs)
             Began as a Hill Orc Berserker on Nov 15, 2023.
             Was a Believer of Trog.
             Splashed by a jelly's acid (9 damage)
             ... on level 2 of the Dungeon.
             The game lasted 00:02:36 (1323 turns).

ChronoRanger the Chopper (Hill Orc Berserker)       Turns: 1323, Time: 00:02:36

Health: -4/41      AC:  9    Str: 21    XL:     4   Next: 92%
Magic:  4/4        EV:  8    Int:  7    God:    Trog [**....]
Gold:   91         SH:  0    Dex: 10    Spells: 3/3 levels left

rFire   . . .        a - +0 hand axe
rCold   + . .        (no shield)
rNeg    . . .        d - +0 chain mail
rPois   .            (no helmet)
rElec   .            (no cloak)
rCorr   .            (no gloves)
SInv    .            (no boots)
Will    .....        (no amulet) Stlth
                     f - ring of protection from cold
HPRegen 0.26/turn    (no ring)
MPRegen 0.09/turn

%: no passive effects
@: no status effects
A: no striking features
a: Renounce Religion, Berserk, Trog's Hand


You were on level 2 of the Dungeon.
You worshipped Trog.
Trog was pleased with you.
You visited 1 branch of the dungeon, and saw 2 of its levels.

You collected 91 gold pieces.

Inventory:

Hand Weapons
 a - a +0 hand axe (weapon)
Armour
 d - a +0 chain mail (worn)
Jewellery
 f - a ring of protection from cold (left hand)
Scrolls
 g - a scroll of amnesia {unknown}
 i - a scroll of fear {unknown}
Potions
 b - a potion of mutation {unknown}
 c - a potion of cancellation
 e - a potion of curing {unknown}
 h - a potion of haste {unknown}


   Skills:
 + Level 4.5 Fighting
 * Level 5.8 Axes
 + Level 3.2 Armour
 - Level 1.5 Dodging


You had 3 spell levels left.
You didn't know any spells.
Your spell library was empty.

Dungeon Overview and Level Annotations

Branches:
Dungeon (2/15)

Altars:
Dithmenos
Elyvilon
Makhleb
Sif Muna
Xom
Yredelemnul
Zin


Message History

* * * LOW HITPOINT WARNING * * *
You are too injured to fight recklessly!
You are too injured to fight recklessly!
You hit the jelly.
Your hands burn!
* * * LOW HITPOINT WARNING * * *
The jelly is almost dead.
The jelly hits you but does no damage.
You hit the jelly but do no damage.
Your hands burn!
* * * LOW HITPOINT WARNING * * *
The jelly is almost dead.
The jelly hits you but does no damage.
You hit the jelly.
You kill the jelly!
Trog accepts your kill.
You hit the endoplasm but do no damage. The endoplasm freezes you.
You are frozen.
You resist.
* * * LOW HITPOINT WARNING * * *
You slash the endoplasm!
You kill the endoplasm!
Trog accepts your kill.
It was a potion of cancellation.
You feel magically purged. The jelly hits you but does no damage.
You hit the jelly.
Your hands burn!
* * * LOW HITPOINT WARNING * * *
The jelly is heavily wounded.
The jelly hits you but does no damage.
You hit the jelly.
Your hands burn!
* * * LOW HITPOINT WARNING * * *
The jelly is heavily wounded.
The jelly closely misses you.
You hit the jelly but do no damage.
Your hands burn!
* * * LOW HITPOINT WARNING * * *
The jelly is heavily wounded.
The jelly hits you but does no damage. The jelly attacks as it pursues you!
The jelly hits you but does no damage. The jelly attacks as it pursues you!
The jelly hits you.
* * * LOW HITPOINT WARNING * * *
You are splashed with acid!
You die...

#.# ###..#### # #.#
##......##########.. #.#
#..####......[.....# ###
#### #########.#### ###
#.# #?÷..÷.##.#######
###.#
#..÷.P.#.#.#....####.†.#
#......#.#J#.....##..###
#._÷.JJ#J#@#....).'..#
#.....J#.#.......)'..#
#_P÷JJJ#J#=.......'.##
#...J÷.#J#.......##.#
#P÷PP..'##......#####
#.....J##########
#######


You could see a jelly.

Vanquished Creatures
  A jelly (D:2)
  3 adders (D:2)
  4 dart slugs
  A ball python (D:2)
  2 bats (D:2)
  4 endoplasms
  4 giant cockroaches
  3 goblins
  5 hobgoblins
  2 quokkas (D:2)
  3 frilled lizards (D:2)
  7 kobolds
  4 rats
43 creatures vanquished.

Notes
Turn   | Place    | Note
-------+----------+-------------------------------------------
     0 | D:1      | ChronoRanger the Hill Orc Berserker began the quest for the
                  | Orb.
     0 | D:1      | Reached XP level 1. HP: 19/19 MP: 1/1
   296 | D:1      | Reached XP level 2. HP: 26/27 MP: 2/2
   805 | D:2      | Reached XP level 3. HP: 33/33 MP: 3/3
   855 | D:2      | Found a shadowy altar of Dithmenos.
   887 | D:2      | Reached skill level 5 in Axes
   910 | D:2      | Reached ** piety under Trog
   973 | D:2      | Reached XP level 4. HP: 15/40 MP: 4/4
  1298 | D:2      | Found a burning altar of Makhleb.
  1298 | D:2      | Found a shimmering blue altar of Sif Muna.
  1298 | D:2      | Found a shimmering altar of Xom.
  1298 | D:2      | Found a basalt altar of Yredelemnul.
  1298 | D:2      | Found a white marble altar of Elyvilon.
  1298 | D:2      | Found a glowing silver altar of Zin.
  1323 | D:2      | Splashed by a jelly's acid

Illustrated notes

Levels and vault maps discovered:
D:1:      dpeg_cavernosity, layout_loops_ring
D:2:      cheibrodos_fertilizer, layout_rooms, basic_altar,
          dreamdust_princess_bridge, uniq_robin

Skill      XL: |  1  2  3 |
---------------+----------+-----
Fighting       | 4 |  4.5
Axes           | 5 |  5.8
Armour         | 3 |  3.2
Dodging        | |  1.5

Action                     |  1- 3 |  4- 6 || total
---------------------------+-------+-------++-------
  Melee: Hand axe          |    89 |    48 ||   137
         Punch             |     1 |       ||     1
    Use: Potion            |       |     1 ||     1
 Armour: Chain mail        |    73 |    44 ||   117
         Animal skin       |     1 |       ||     1
  Dodge: Dodged            |    41 |     8 ||    49

Table legend: (Time is in decaauts)
 A = Elapsed time spent in this place.
 B = Non-inter-level travel time spent in this place.
 C = Inter-level travel time spent in this place.
 D = Time resting spent in this place.
 E = Time spent auto-exploring this place.
 F = Levels seen in this place.
 G = Mean time per level.
                   A        B        C        D        E       F      G
               +--------+--------+--------+--------+--------+-----+--------+
         Total |   1329 |   1329 |      0 |     91 |    929 |   2 |  664.5 |
       Dungeon |   1329 |   1329 |      0 |     91 |    929 |   2 |  664.5 |
               +--------+--------+--------+--------+--------+-----+--------+

Top non-repeatable levels by time:
     D:1: 804 daAuts
     D:2: 524 daAuts
